Map: Honorgrounds LE

Players

Sesh - Winner!

  • Race: Terran Terran
  • League: Grandmaster
  • Spawn Location: 11:00

Railgan

  • Race: Zerg Zerg
  • League: Grandmaster
  • Spawn Location: 5:00

VOD

Have the link to the VOD?

Description

Time

  • Played on: March 3, 2017, 5:47 p.m.
  • Length: 22:10
Show
View Real Time Build Order
Export as new Build Order

Sesh Terran - Winner!

Build Orders: Reaper Expand, MMM Bio 

Get SALT Encoding   

  12  0:01  SCV  
  13  0:13  SCV  
  14  0:19  Supply Depot  
  14  0:25  SCV  
  15  0:30  Refinery  
  15  0:40  SCV  
  16  0:47  Barracks  
  16  0:52  SCV  
  17  1:04  SCV  
  18  1:16  SCV  
  19  1:34  Reaper, Orbital Command  
  20  1:49  Command Center  
  20  2:00  Factory  
  20  2:03  SCV  
  21  2:11  Barracks Reactor  
  21  2:15  SCV  
  22  2:23  Supply Depot  
  22  2:27  SCV  
  23  2:45  SCV  
  24  2:53  Hellion x2  
  24  2:57  SCV  
  29  3:05  Orbital Command  
  29  3:10  Command Center  
  29  3:13  Barracks Tech Lab  
  29  3:15  SCV  
  30  3:24  Hellion  
  30  3:25  Hellion  
  34  3:27  SCV  
  34  3:31  SCV  
  36  3:34  Stimpack  
  36  3:43  SCV  
  36  3:45  Marine  
  38  3:52  Barracks x2  
  38  3:53  SCV  
  39  3:56  Factory Reactor  
  39  3:59  SCV  
  40  4:03  Supply Depot  
  40  4:04  Marine  
  40  4:05  SCV  
  42  4:10  Refinery x2  
  42  4:11  SCV  
  42  4:19  SCV  
  42  4:22  Orbital Command  
  43  4:25  Engineering Bay  
  43  4:28  Engineering Bay  
  43  4:30  SCV  
  44  4:33  SCV  
  45  4:40  Marine x2  
  45  4:42  Factory Reactor  
  45  4:43  Starport  
  47  4:47  SCV x2  
  47  4:48  SCV  
  47  4:52  Marine x2  
  52  4:59  Terran Infantry Weapons Level 1, SCV  
  53  5:00  Orbital Command  
  53  5:02  Terran Infantry Armor Level 1  
  53  5:04  SCV  
  54  5:11  SCV  
  54  5:12  Marine x4  
  54  5:13  Marine  
  60  5:17  SCV  
  60  5:19  Supply Depot  
  61  5:23  SCV  
  61  5:26  Medivac  
  64  5:29  Marine  
  64  5:30  Marine x3  
  64  5:31  Marine  
  64  5:34  Combat Shields  
  69  5:40  Supply Depot  
  69  5:41  Medivac, SCV x2  
  69  5:42  SCV  
  74  5:45  Refinery  
  74  5:49  Factory Reactor  
  74  5:50  Barracks  
  74  5:51  Barracks  
  74  5:53  SCV  
  74  5:54  SCV  
  76  5:57  Supply Depot  
  76  6:01  SCV  
  76  6:03  Supply Depot  
  77  6:05  SCV  
  77  6:08  Medivac  
  77  6:09  Marine x3  
  77  6:10  SCV  
  84  6:16  Supply Depot  
  84  6:19  Medivac  
  84  6:20  Armory  
  84  6:21  SCV  
  87  6:26  Marine, Supply Depot, SCV  
  87  6:30  SCV  
  87  6:31  Marine x2  
  92  6:34  Marine x2, Factory Tech Lab  
  92  6:36  SCV  
  95  6:44  Marine, Barracks Reactor  
  95  6:45  Barracks Reactor  
  96  6:49  Refinery, SCV  
  96  6:54  SCV  
  96  6:55  Marine x3  
  96  6:56  Siege Tank  
  96  6:58  SCV  
  104  7:01  SCV  
  104  7:02  Supply Depot  
  104  7:04  Supply Depot  
  104  7:06  Marine x3, SCV  
  108  7:10  SCV  
  108  7:11  Terran Infantry Weapons Level 2  
  108  7:13  SCV  
  110  7:17  Terran Infantry Armor Level 2  
  110  7:20  Terran Vehicle Weapons Level 1  
  110  7:22  Marine x3, Supply Depot, Unknown  
  112  7:26  SCV  
  112  7:27  Unknown  
  112  7:28  Supply Depot, SCV  
  112  7:29  Marine  
  115  7:30  Marine  
  115  7:32  SCV  
  115  7:33  Marine  
  115  7:34  Marine  
  120  7:37  Marine x2  
  120  7:38  Siege Tank  
  126  7:44  SCV  
  126  7:48  Factory  
  126  7:50  Supply Depot  
  126  7:51  Supply Depot, SCV  
  127  7:52  Supply Depot  
  127  7:54  Refinery  
  127  7:56  Marine  
  127  7:57  Marine x2, Supply Depot  
  130  7:58  Marine  
  124  8:06  Marine x5  
  128  8:14  Marine x2  
  128  8:18  Marine  
  128  8:19  Marine  
  132  8:25  Command Center  
  128  8:28  Marine x4  
  128  8:29  Siege Tank  
  128  8:30  Medivac x2  
  133  8:43  Marine x2  
  133  8:45  Marine  
  133  8:46  SCV  
  133  8:48  Factory Tech Lab  
  137  8:50  Marine x2  
  137  8:51  Marine x2  
  141  8:59  Marine x2, Barracks  
  141  9:01  Barracks, Supply Depot, Siege Tank  
  146  9:02  Marine  
  146  9:03  Marine, Supply Depot  
  146  9:06  Medivac  
  146  9:07  Medivac  
  151  9:15  Marine x2  
  149  9:17  Marine x2  
  149  9:21  SCV x2  
  153  9:26  Terran Vehicle Weapons Level 2  
  153  9:27  Siege Tank  
  153  9:28  Marine  
  148  9:39  Terran Infantry Armor Level 3, Terran Infantry Weapons Level 3  
  148  9:41  Siege Tank  
  149  9:48  Planetary Fortress  
  149  9:53  Marine x2, Sensor Tower  
  149  9:56  Barracks  
  149  9:58  Barracks  
  149  9:59  Marine  
  150  10:05  Marine x2  
  150  10:06  Marine, Barracks Tech Lab  
  147  10:07  Medivac x2, Barracks Tech Lab, Siege Tank  
  147  10:09  Marine  
  147  10:11  Marine x2  
  157  10:21  Missile Turret  
  157  10:27  Liberator x2  
  157  10:29  Marine  
  157  10:30  Marine x5  
  157  10:31  Marauder x3, Concussive Shells  
  169  10:38  SCV x3  
  169  10:39  Command Center  
  172  10:43  Refinery  
  168  10:53  Barracks Tech Lab  
  168  10:54  Missile Turret, Barracks Tech Lab  
  168  10:55  Marine x2  
  168  10:56  Missile Turret, Marine, Marauder  
  164  11:08  Marine x2, Marauder  
  164  11:09  Marine x2  
  164  11:10  Marine  
  164  11:11  Marine  
  165  11:17  Marine  
  165  11:18  Marine, Marauder x2  
  167  11:20  Marine  
  167  11:21  Marauder  
  158  11:25  Marine  
  158  11:26  Marine  
  158  11:27  Marine x2  
  158  11:29  Marauder  
  158  11:30  Marine, Marauder  
  159  11:35  Marine x2  
  159  11:36  Orbital Command  
  159  11:38  Marine  
  159  11:39  Marine, Marauder  
  143  11:42  Marauder, SCV  
  143  11:43  Marine x2  
  143  11:45  Marine, Medivac  
  143  11:46  Marine  
  138  11:48  Marine  
  138  11:50  Marauder  
  138  11:51  Marauder  
  138  11:52  Medivac  
  138  11:53  Marine x2  
  143  12:02  Marine x2  
  143  12:03  Marine x2, Marauder  
  143  12:07  SCV  
  143  12:08  SCV  
  148  12:11  SCV x2  
  148  12:14  Marine  
  151  12:20  Marine x2, SCV  
  151  12:21  Marine  
  155  12:23  Marine, Factory Tech Lab  
  155  12:24  Marine, Marauder x2, Sensor Tower  
  155  12:25  SCV  
  155  12:27  SCV  
  163  12:32  Marine x2  
  163  12:33  Marauder, SCV  
  163  12:36  Marine x2  
  168  12:37  Marauder  
  168  12:40  Marine  
  168  12:43  SCV  
  170  12:45  Marauder  
  170  12:48  Starport Reactor  
  170  12:49  Terran Vehicle Weapons Level 3, Supply Depot, Sensor Tower  
  172  12:53  Barracks Tech Lab  
  172  13:00  Command Center  
  172  13:03  Marine  
  173  13:07  Marine x5  
  173  13:08  Marine  
  179  13:15  Refinery  
  179  13:20  Missile Turret  
  179  13:21  Marine x4  
  179  13:22  Marauder  
  184  13:39  Marine x2, Marauder  
  186  13:42  Siege Tank, Medivac  
  186  13:43  Medivac  
  186  13:44  Barracks Tech Lab  
  186  13:45  Starport  
  186  13:47  Marine x2  
  186  13:48  Marine x2, Marauder  
  198  13:50  Marine  
  198  13:54  Sensor Tower  
  200  14:03  Missile Turret  
  200  14:11  Liberator x2  
  200  14:14  Planetary Fortress  
  192  14:29  Starport  
  192  14:30  Starport Tech Lab  
  198  14:31  Fusion Core  
  198  14:38  Liberator  
  198  14:40  Command Center  
  196  14:48  Marine x3  
  196  14:49  Marauder  
  196  14:50  Marine x2  
  196  14:51  Marauder  
  173  14:53  Marine x2  
  173  14:54  Marine x3, Marauder  
  141  15:06  Marine x3  
  135  15:08  Marine x2  
  135  15:10  Marauder  
  135  15:11  Marine  
  135  15:12  Marauder  
  135  15:13  Marauder x2  
  145  15:15  Marauder  
  145  15:23  Marine  
  145  15:24  Marine x4  
  150  15:29  Liberator x2  
  150  15:32  Marauder  
  150  15:34  Marauder  
  151  15:43  Marine x3, Marauder  
  151  15:44  Marine x2, Marauder x2  
  151  15:45  Starport Reactor  
  151  15:46  Advanced Ballistics  
  151  15:48  Marine  
  169  15:50  Siege Tank  
  169  15:53  Marauder  
  169  15:56  Medivac  
  176  15:57  Marine  
  176  15:58  Planetary Fortress  
  175  16:07  Marine  
  175  16:08  Marine, Marauder  
  175  16:09  Liberator  
  179  16:11  Liberator  
  179  16:12  Liberator x2  
  179  16:24  Marine x2  
  179  16:25  Marauder  
  183  16:27  Marine x2, Marauder  
  198  16:46  Command Center  
  198  16:47  Marine x2  
  198  16:51  Unknown  
  198  16:52  Liberator  
  199  17:04  Liberator x4  
  199  17:07  Marine x2, Marauder  
  192  17:08  Marine x2  
  192  17:09  Marauder  
  192  17:11  Marine x2  
  192  17:12  Marauder  
  192  17:13  Marine x2  
  192  17:14  Marauder  
  159  17:20  Marine  
  141  17:24  Marine  
  141  17:25  Marine  
  141  17:26  Marine  
  141  17:29  Marine, Marauder, Unknown x2  
  147  17:30  Marauder  
  147  17:32  Marine  
  147  17:33  Marauder  
  147  17:35  Marauder  
  151  17:37  Marine x2  
  151  17:38  Marine, Marauder  
  151  17:42  Marine x2  
  151  17:44  Marine  
  154  17:50  Marauder  
  141  17:52  Marine x2, Marauder  
  141  17:55  Marine x2, Marauder, Liberator x2  
  141  17:56  Marauder  
  148  17:58  Medivac  
  148  17:59  Marauder  
  152  18:08  Unknown, Orbital Command  
  152  18:11  Marauder  
  154  18:13  Marine, Marauder  
  154  18:17  Liberator x2, Refinery  
  154  18:19  Marine  
  164  18:20  Marauder  
  164  18:21  Marine  
  164  18:22  Marauder  
  164  18:23  Marine  
  168  18:30  Marine, Marauder  
  170  18:38  Refinery  
  170  18:40  Marine, Refinery  
  170  18:41  Marine x4, Marauder  
  178  18:43  Medivac  
  178  18:48  Unknown  
  185  18:57  Marine  
  185  19:01  Command Center  
  186  19:03  Medivac x2  
  186  19:04  Marine  
  186  19:05  Marauder  
  186  19:08  Marine  
  186  19:09  Marauder  
  196  19:11  Marine, Marauder  
  196  19:13  Marine  
  200  19:32  Ghost Academy  
  199  19:42  Marine  
  197  19:53  Marine x3  
  200  20:06  Liberator x3  
  200  20:11  Marine x3  
  200  20:12  Marauder  
  199  20:19  Marine  
  199  20:20  Marine x2, Marauder x4, Medivac x2  
  183  20:25  Marine x2  
  172  20:29  Marine  
  172  20:30  Marine  
  172  20:33  Marine, Marauder, Liberator  
  141  20:37  Marine x2  
  141  20:41  Marine, Marauder x3, Liberator  
  141  20:42  Marine, Marauder  
  145  20:45  Marine  
  145  20:47  Sensor Tower  
  145  20:49  Liberator  
  147  20:51  Liberator x2, Planetary Fortress  
  147  20:55  Marauder  
  152  20:57  Missile Turret  
  152  20:59  Marine x2  
  152  21:03  Marine x2  
  161  21:04  Marauder  
  170  21:20  Marine x2  
  170  21:21  Marine, Marauder  
  170  21:22  Marine, Marauder x2  
  170  21:25  Marine, Marauder  
  183  21:28  Marine, Marauder  
  183  21:29  Marine  
  183  21:30  Siege Tank  
  183  21:31  Marine  
  191  21:38  Marine x2  
  191  21:39  Marine  
  197  21:42  Marauder  
  199  21:48  Marine  
  200  22:01  Refinery  
  200  22:02  Command Center  
Show
View Real Time Build Order
Export as new Build Order

Railgan Zerg 

Build Orders: Hatch First, Lurkers 

Get SALT Encoding   

  12  0:01  Drone  
  13  0:13  Overlord  
  13  0:19  Drone  
  14  0:32  Drone x2  
  16  0:36  Drone  
  17  0:46  Drone  
  18  0:57  Hatchery  
  18  0:59  Drone  
  18  1:01  Extractor  
  17  1:15  Spawning Pool  
  16  1:18  Drone  
  16  1:20  Drone  
  18  1:28  Drone  
  19  1:43  Overlord  
  19  2:02  Queen  
  19  2:03  Zergling x4  
  23  2:09  Queen  
  23  2:10  Drone  
  23  2:12  Drone  
  27  2:17  Metabolic Boost  
  27  2:21  Drone  
  29  2:22  Drone  
  29  2:32  Drone  
  29  2:33  Drone  
  31  2:38  Queen  
  31  2:41  Overlord  
  33  2:48  Queen  
  35  2:55  Drone  
  36  3:00  Evolution Chamber  
  34  3:07  Drone x4  
  38  3:13  Drone  
  38  3:14  Drone x3  
  38  3:19  Overlord  
  42  3:27  Zerg Ground Armor Level 1  
  42  3:28  Drone  
  43  3:36  Overlord  
  43  3:40  Drone x4  
  46  3:51  Zergling x10  
  46  3:54  Lair  
  51  3:57  Extractor x2  
  51  4:00  Extractor  
  48  4:11  Drone x3  
  48  4:16  Drone  
  54  4:17  Drone x3  
  54  4:19  Drone x2  
  57  4:27  Drone x2  
  57  4:30  Drone  
  60  4:44  Hatchery  
  59  4:48  Zergling x2  
  59  4:49  Overlord  
  59  4:52  Overseer  
  60  4:57  Overlord  
  60  4:59  Hydralisk Den  
  59  5:00  Evolution Chamber  
  57  5:24  Drone x4  
  57  5:25  Drone x7  
  57  5:28  Zerg Ground Armor Level 2, Zerg Missile Weapons Level 1  
  68  5:29  Muscular Augments  
  68  5:30  Overlord  
  68  5:32  Overseer  
  68  5:34  Hydralisk  
  70  5:37  Overlord  
  70  5:40  Hydralisk  
  72  5:43  Hydralisk  
  72  5:48  Hydralisk x2  
  78  5:52  Pneumatized Carapace  
  78  5:59  Queen  
  78  6:00  Extractor  
  78  6:01  Drone  
  80  6:06  Extractor  
  79  6:14  Overlord  
  79  6:15  Hydralisk  
  79  6:16  Hydralisk x3  
  87  6:20  Hydralisk x2  
  87  6:23  Drone x2  
  93  6:27  Drone x3  
  96  6:39  Hydralisk x2  
  96  6:40  Hydralisk x2  
  96  6:41  Hydralisk  
  96  6:46  Overlord  
  105  6:48  Overlord  
  101  6:58  Drone x2  
  101  6:59  Drone x3, Overlord  
  101  7:00  Overlord  
  106  7:06  Overlord  
  106  7:08  Overlord  
  106  7:14  Drone x3  
  109  7:24  Hatchery  
  109  7:27  Overlord  
  109  7:29  Hydralisk x4  
  108  7:36  Hydralisk  
  118  7:38  Lurker Den  
  118  7:39  Zerg Missile Weapons Level 2  
  118  7:41  Zergling x4  
  120  7:58  Hydralisk x4  
  122  8:08  Hydralisk  
  124  8:18  Hydralisk x4  
  132  8:21  Zergling x6  
  132  8:22  Zergling x8  
  133  8:31  Hydralisk x6  
  133  8:42  Hydralisk x4  
  133  8:43  Hydralisk x2  
  145  8:53  Zergling x4  
  147  8:56  Hydralisk  
  147  8:57  Hydralisk x2  
  153  9:03  Spore Crawler  
  146  9:17  Zergling x4  
  146  9:18  Zergling x2  
  146  9:23  Lurker x8  
  157  9:24  Zergling x2  
  157  9:25  Overlord x2, Zergling x4  
  157  9:27  Overlord  
  158  9:36  Overlord x2  
  158  9:37  Overlord  
  155  9:55  Zergling x22  
  155  9:58  Drone, Zerg Melee Weapons Level 1  
  167  10:00  Infestation Pit  
  150  10:08  Hydralisk x3  
  150  10:09  Hydralisk x2  
  150  10:10  Lurker  
  150  10:11  Lurker x2  
  160  10:16  Zergling x8  
  160  10:17  Zergling x6  
  167  10:25  Zergling x2  
  167  10:26  Zergling x10  
  173  10:36  Hydralisk x2  
  177  10:54  Hydralisk x7  
  191  11:03  Hydralisk x6  
  175  11:08  Hydralisk x5  
  152  11:25  Hydralisk  
  152  11:26  Hydralisk x5  
  159  11:35  Hydralisk x3  
  159  11:38  Hydralisk  
  157  11:44  Extractor  
  157  11:45  Extractor  
  157  11:46  Drone x5  
  157  11:47  Drone x3  
  150  11:53  Hatchery  
  143  12:00  Drone x3  
  146  12:01  Zergling x2  
  146  12:02  Zerg Melee Weapons Level 2, Hive  
  146  12:08  Zergling x10  
  149  12:20  Zergling x8  
  123  12:45  Zergling x4  
  123  12:46  Zergling x22  
  136  12:52  Drone x2  
  136  12:57  Drone  
  139  12:58  Drone  
  139  13:01  Hydralisk  
  139  13:02  Hydralisk x3  
  139  13:03  Hydralisk x3  
  148  13:13  Lurker x8  
  148  13:14  Lurker x3  
  148  13:16  Hatchery, Zergling x12  
  164  13:20  Extractor  
  164  13:22  Extractor  
  164  13:25  Hydralisk  
  164  13:26  Hydralisk x3  
  170  13:34  Hydralisk x2  
  134  13:35  Hydralisk x8  
  147  13:48  Ultralisk Cavern  
  144  13:56  Hydralisk x4  
  144  13:57  Hydralisk x6  
  144  13:58  Hydralisk  
  165  14:03  Hydralisk x2  
  169  14:28  Zerg Melee Weapons Level 3  
  169  14:29  Zergling x24  
  169  14:30  Zerg Ground Armor Level 3, Zergling x2  
  137  14:53  Zergling x18  
  117  15:04  Zergling x18  
  117  15:05  Hydralisk  
  109  15:14  Hatchery  
  109  15:17  Chitinous Plating  
  108  15:21  Drone x2  
  108  15:22  Drone  
  108  15:25  Drone  
  108  15:26  Drone  
  112  15:40  Drone x2  
  114  15:45  Ultralisk  
  114  15:46  Ultralisk  
  126  15:57  Ultralisk  
  135  16:04  Ultralisk  
  134  16:24  Hydralisk Den, Ultralisk x2  
  145  16:28  Drone x2  
  147  16:33  Drone x3  
  150  16:58  Hydralisk x3  
  150  17:01  Hydralisk x4, Extractor  
  145  17:04  Extractor  
  136  17:08  Hydralisk  
  136  17:13  Hydralisk x3  
  122  17:31  Drone x2  
  122  17:32  Drone x4  
  122  17:33  Hydralisk  
  130  17:57  Hydralisk x7  
  144  18:06  Ultralisk  
  150  18:17  Drone x2  
  152  18:21  Ultralisk  
  152  18:24  Extractor  
  152  18:26  Extractor  
  156  18:33  Hatchery, Ultralisk  
  161  18:42  Hydralisk x2  
  161  18:44  Zergling x2  
  161  18:46  Zerg Missile Weapons Level 3  
  166  19:01  Ultralisk  
  166  19:02  Zergling x16  
  174  19:37  Overlord  
  174  19:38  Spore Crawler  
  173  19:39  Drone x2  
  175  19:46  Hydralisk x3  
  175  19:52  Zergling x22  
  176  20:11  Queen x2  
  176  20:12  Queen x2  
  158  20:25  Hydralisk  
  99  20:28  Hydralisk  
  68  21:02  Drone x2  
  68  21:03  Drone x2  
  72  21:17  Drone  
  73  21:19  Drone x5  
  73  21:20  Drone  
  79  21:26  Zergling x2  
  79  21:27  Ultralisk  
  79  21:28  Zergling x24  
  79  21:30  Drone  
  79  21:31  Extractor  
  79  21:32  Extractor  
  97  21:36  Overlord  
  97  21:38  Zergling x8  
  101  21:51  Hatchery  
Tags
 
Add a new tag
Caveats
  • Supply blocks, unpowered buildings, or Contaminate may cause inaccurate times.
  • Supply counts are checked every 10 seconds.